AoeStats
← kob61

Black Forest

510149549Analyzed
3v3 RM · 2d ago on Sep 29, 2026· 47m 17s· 6 players
Game mode
Random Map
Map size
Normal (6 player)
Population
200
Speed
Normal
Resources
Standard
Victory
Conquest
Starting age
Dark Age
Ending age
Imperial Age
RankedLock teamsTeams togetherTeam positionsShared explorationLock speedFull tech treeHidden civsTurbo modeCheats
Victory
Defeat
🇹🇷 Italians · Türkiye
948
+13
🇹🇷 Byzantines · Türkiye
878
+16
🇹🇷 Bohemians · Türkiye
811
+19
🇪🇸 Saxons · Spain
934
-18
🇹🇷 Teutons · Türkiye
873
-16
🇹🇷 Khmer · Türkiye
842
-14
velicag
12:57 Feudal Age
11:13 Loom
16:59 Castle Age
15:54 Fishing Lines
15:58 Horse Collar
16:13 Double-Bit Axe
23:37 Wheelbarrow
23:16 Gillnets
23:57 Bow Saw
26:09 Heavy Plow
26:04 Gold Mining
26:09 Stone Mining
28:27 Caravan
29:31 Squires
29:17 Arson
28:53 Pikeman
29:52 Scale Barding Armor
29:47 Scale Mail Armor
29:58 Forging
31:36 Husbandry
33:08 Iron Casting
33:43 Fortified Wall
33:29 Murder Holes
33:16 Treadmill Crane
34:45 Hand Cart
38:28 Imperial Age
36:42 Chain Mail Armor
36:24 Gambesons
38:49 Gold Shaft Mining
38:52 Stone Shaft Mining
38:43 Chain Barding Armor
38:49 Elite Varangian Guard
38:54 Halberdier
38:58 Elite Cataphract
39:59 Conscription
40:05 Conscription
41:08 Logistica
41:41 Plate Mail Armor
41:47 Plate Barding Armor
42:20 Chemistry
41:41 Ballistics
41:07 Arrowslits
41:34 Heavy Camel Rider
42:14 Fletching
42:25 Padded Archer Armor
47:12 Bodkin Arrow
47:32 Leather Archer Armor
47:26 Thumb Ring
46:44 Elite Skirmisher
Viki
0:28 Loom
11:23 Feudal Age
18:00 Castle Age
15:57 Double-Bit Axe
22:03 Horse Collar
22:41 Bow Saw
23:30 Heavy Plow
23:41 Gold Mining
23:41 Stone Mining
24:34 Wheelbarrow
26:54 Hand Cart
28:05 Fishing Lines
28:31 Town Watch
31:52 Imperial Age
29:16 Fletching
30:15 Padded Archer Armor
31:14 Ballistics
32:18 Town Patrol
32:59 Conscription
33:54 Chemistry
34:15 Two-Man Saw
33:47 Crop Rotation
33:56 Bodkin Arrow
34:44 Leather Archer Armor
34:39 Thumb Ring
33:54 Elite Skirmisher
35:25 Light Cavalry
36:06 Husbandry
37:14 Bloodlines
37:08 Bracer
37:39 Ring Archer Armor
37:27 Caravan
37:58 Silk Road
39:21 Hussar
40:17 Elite Genoese Crossbowman
41:41 Forging
41:36 Scale Barding Armor
46:22 Iron Casting
46:07 Chain Barding Armor
mpxy
1:08 Loom
10:46 Feudal Age
12:01 Double-Bit Axe
13:22 Double-Bit Axe
14:03 Horse Collar
17:54 Castle Age
19:08 Bow Saw
22:13 Heavy Plow
25:47 Wheelbarrow
27:03 Hand Cart
27:35 Fervor
27:46 Sanctity
29:02 Chemistry
33:02 Imperial Age
30:34 Town Watch
31:35 Caravan
32:02 Scale Mail Armor
32:03 Padded Archer Armor
32:13 Forging
31:26 Pikeman
31:52 Arson
32:54 Squires
33:36 Town Patrol
33:55 Fortified Wall
35:20 Two-Man Saw
35:01 Masonry
36:14 Siege Engineers
36:56 Leather Archer Armor
36:57 Chain Mail Armor
37:15 Houfnice
38:45 Conscription
40:03 Ring Archer Armor
41:15 Plate Mail Armor
41:42 Wagenburg Tactics
42:14 Iron Casting
44:15 Architecture
43:41 Murder Holes
44:07 Ballistics
43:45 Murder Holes
44:21 Architecture
Anafartalar Komutanı
11:31 Feudal Age
12:04 Horse Collar
12:11 Double-Bit Axe
14:28 Gold Mining
16:06 Wheelbarrow
17:28 Stone Mining
21:04 Castle Age
22:33 Hand Cart
22:35 Bow Saw
27:40 Stone Shaft Mining
30:06 Heavy Plow
33:56 Imperial Age
31:36 Scale Barding Armor
31:32 Scale Mail Armor
31:42 Forging
31:23 Fletching
31:33 Padded Archer Armor
33:01 Ballistics
33:24 Caravan
34:19 Chain Mail Armor
34:55 Iron Casting
35:53 Two-Man Saw
35:24 Pikeman
36:07 Squires
35:52 Gambesons
35:28 Man-at-Arms
36:46 Chain Barding Armor
36:57 Plate Mail Armor
37:03 Crop Rotation
37:51 Chemistry
37:39 Guilds
38:02 Coinage
38:01 Cavalier
38:51 Bloodlines
40:09 Elite Skirmisher
40:11 Heavy Mounted Crossbowman
41:52 Plate Barding Armor
41:57 Halberdier
44:26 Paladin
Lucas Grijander
1:15 Loom
13:30 Feudal Age
15:42 Wheelbarrow
18:04 Castle Age
16:51 Double-Bit Axe
21:26 Bow Saw
21:53 Hand Cart
22:11 Fishing Lines
22:47 Gillnets
33:02 Imperial Age
31:21 Squires
31:08 Arson
32:20 Forging
32:10 Scale Mail Armor
32:01 Fletching
32:34 Horse Collar
32:54 Gold Mining
32:54 Stone Mining
32:57 Gambesons
32:35 Man-at-Arms
33:32 Caravan
33:08 Shield Wall
34:12 Heavy Plow
34:56 Elite Varangian Guard
36:55 Chemistry
37:04 Gold Shaft Mining
36:30 Bodkin Arrow
36:54 Town Watch
39:26 Chain Mail Armor
39:12 Bracer
40:37 Elite Hearth Troop
42:34 Plate Mail Armor
42:43 Iron Casting
43:11 Pikeman
kob61
0:30 Loom
12:19 Feudal Age
12:44 Horse Collar
12:49 Double-Bit Axe
21:23 Castle Age
22:18 Heavy Plow
22:34 Bow Saw
23:01 Fishing Lines
23:23 Gold Mining
23:23 Stone Mining
26:15 Gold Shaft Mining
27:25 Gold Shaft Mining
26:41 Stone Mining
26:46 Town Watch
27:42 Wheelbarrow
28:07 Town Patrol
29:21 Stone Shaft Mining
33:11 Imperial Age
31:18 Ballistics
32:35 Forging
33:41 Hand Cart
34:53 Conscription
35:42 Coinage
35:13 Caravan
35:57 Elite Ballista Elephant
38:39 Chemistry
38:21 Cavalier
39:02 Husbandry
39:54 Crop Rotation
40:16 Iron Casting
42:16 Scale Barding Armor
43:14 Blast Furnace
Connection lost

Rejoining the realm…

Still unreachable

The connection could not be restored.

Session expired

The server has moved on; the page needs a fresh start.